 Dungeon Crawl Stone Soup version 0.30-a0-310-g7d6cbdfea6 (webtiles) character file.

Game seed: 7184132260872763662

40789 koil the Unseen (level 13, 0/68 HPs)
             Began as a Spriggan Brigand on Oct 24, 2022.
             Was a High Priest of Wu Jian.
             Slain by a two-headed ogre
             ... wielding a +0 giant spiked club
              (31 damage)
             ... on level 2 of the Orcish Mines.
             The game lasted 02:26:56 (26222 turns).

koil the Unseen (Spriggan Brigand)                 Turns: 26222, Time: 02:26:57

Health: 0/68       AC:  8    Str:  7    XL:     13   Next: 76%
Magic:  29/29      EV: 29    Int: 18    God:    Wu Jian [*****.]
Gold:   1888       SH:  5    Dex: 22    Spells: 25/35 levels left

rFire   + . .      SeeInvis +    a - +4 dagger (drain)
rCold   + . .      Faith    .    (no shield)
rNeg    . . .      Spirit   .    V - +2 robe {rC+ rF+}
rPois   +          Reflect  +    m - +2 hat
rElec   .          Harm     .    y - +1 cloak "Erov" {rPois}
rCorr   .          Rampage  .    (gloves unavailable)
Will    ++...                    (boots unavailable)
Stlth   ++++++....               f - amulet of reflection
HPRegen 0.31/turn                u - +6 ring of dexterity
MPRegen 0.21/turn                (no ring)

@: studying Earth Magic, very quick
A: very small, no large weapons, unfitting armour, see invisible, speed 3
a: Renounce Religion, Wall Jump, Serpent's Lash, Heavenly Storm


You were on level 2 of the Orcish Mines.
You worshipped Wu Jian.
Wu Jian was extremely pleased with you.
You visited 4 branches of the dungeon, and saw 18 of its levels.
You also visited: Bailey and Gauntlet.

You collected 1940 gold pieces.
You spent 52 gold pieces at shops.

Inventory:

Hand Weapons
 a - a +4 dagger of draining (weapon)
 e - a +2 dagger of protection
 g - the +6 mace of Woiniss {protect, rF+ Will+ Str+3}
   (You found it on level 3 of the Lair of Beasts)

   It grants its wielder temporary protection when it strikes (+7 to AC).
   Str:       It affects your strength (+3).
   rF:        It protects you from fire.
   Will:      It increases your willpower.
 h - a +3 dagger
 H - a +0 dagger of venom
Missiles
 c - a throwing net (quivered)
 N - 12 poisoned darts
 O - a curare-tipped dart
Armour
 m - a +2 hat (worn)
 y - the +1 cloak "Erov" (worn) {rPois}
   (You found it on level 8 of the Dungeon)

   rPois:     It protects you from poison.
 V - a +2 robe of resistance (worn)
Jewellery
 f - an amulet of reflection (around neck)
 u - a +6 ring of dexterity (left hand)
 w - a ring of fire
 B - a ring of ice
 F - the amulet of Ahumoip {Faith rF- Will+ Regen+}
   (You found it on level 5 of the Lair of Beasts)

   [amulet of faith]

   It allows you to gain divine favour quickly.
   rF:        It makes you vulnerable to fire.
   Regen:     It increases your rate of health regeneration.
   Will:      It increases your willpower.
Wands
 n - a wand of charming (5)
 s - a wand of flame (5)
 K - a wand of digging (3)
Scrolls
 b - a scroll of silence
 i - 3 scrolls of butterflies
 j - 10 scrolls of identify
 o - 2 scrolls of magic mapping
 r - 2 scrolls of poison
 v - a scroll of amnesia
 x - 3 scrolls of teleportation
 A - a scroll of summoning
 G - a scroll of immolation
 S - a scroll of blinking
Potions
 d - a potion of mutation
 k - 2 potions of resistance
 l - 4 potions of heal wounds
 p - a potion of flight
 q - 2 potions of curing
 t - 2 potions of magic
 z - a potion of cancellation
 C - 7 potions of brilliance
 D - a potion of might
 E - a potion of invisibility
 L - a potion of experience
 T - 2 potions of haste
Miscellaneous
 U - a piece from Xom's chessboard (15/15)


   Skills:
 + Level 8.2 Fighting
 - Level 10.0 Short Blades
 - Level 2.0 Throwing
 + Level 12.5 Dodging
 + Level 15.6 Stealth
 + Level 11.5 Spellcasting
 - Level 5.0 Hexes
 + Level 8.4 Transmutations
 + Level 9.5 Earth Magic
 - Level 6.0 Poison Magic


You had 25 spell levels left.
You knew the following spells:

 Your Spells              Type           Power      Damage    Failure   Level
a - Eringya's Noxious Bo  Tmut/Pois      18%        N/A       47%         6
b - Anguish               Hex/Necr       9%         N/A       24%         4

Your spell library contained the following spells:

 Spells                   Type           Power      Damage    Failure   Level
 Wereblood                Tmut           40%        N/A       1%          2
 Tukima's Dance           Hex            28%        N/A       2%          3
 Blade Hands              Tmut           20%        N/A       6%          5
 Magic Dart               Conj           40%        1d5       7%          1
 Necrotise                Necr           40%        1d6       7%          1
 Shock                    Conj/Air       40%        1d5       7%          1
 Portal Projectile        Hex/Tloc       38%        N/A       8%          3
 Cause Fear               Hex            14%        N/A       9%          4
 Alistair's Intoxication  Tmut/Pois      24%        N/A       10%         5
 Searing Ray              Conj           20%        2d5       11%         2
 Sublimation of Blood     Necr           10%        N/A       11%         2
 Yara's Violent Unravell  Hex/Tmut       17%        3d8       12%         5
 Gell's Gravitas          Tloc           10%        N/A       21%         3
 Lesser Beckoning         Tloc           20%        N/A       21%         3
 Swiftness                Air            10%        N/A       21%         3
 Teleport Other           Tloc           10%        N/A       21%         3
 Fulminant Prism          Conj/Hex       9%         3d7       24%         4
 Borgnjor's Vile Clutch   Necr/Erth      13%        N/A       26%         5
 Passage of Golubria      Tloc           10%        N/A       56%         4
 Summon Mana Viper        Hex/Summ       19%        N/A       56%         5
 Iron Shot                Conj/Erth      13%        9d3       82%         6
 Freezing Cloud           Conj/Ice/Air   5%         6-21      88%         5
 Iskenderun's Battlesphe  Conj           10%        2d6       88%         5
 Summon Forest            Summ/Tloc      5%         N/A       88%         5
 Dragon Form              Tmut           20%        N/A       88%         7
 Conjure Ball Lightning   Conj/Air       5%         3x3d6     100%        6
 Simulacrum               Ice/Necr       5%         N/A       100%        6
 Summon Cactus Giant      Summ           5%         N/A       100%        6
 Spellforged Servitor     Conj/Summ      5%         N/A       100%        7
 Summon Hydra             Summ           5%         N/A       100%        7
 Discord                  Hex            14%        N/A       100%        8
 Disjunction              Tloc           5%         N/A       100%        8
 Dragon's Call            Summ           5%         N/A       100%        9
 Polar Vortex             Ice            5%         N/A       100%        9


Dungeon Overview and Level Annotations

Branches:
Dungeon (10/15)            Temple (1/1) D:6            Lair (5/5) D:9
  Swamp (0/4) Lair:3        Snake (0/4) Lair:2        Slime (0/5) Lair:5
    Orc (2/2) D:10            Elf (0/3) Orc:2        Bailey (visited)
Gauntlet (visited)

Altars:
Ashenzari
Cheibriados
Dithmenos
Elyvilon
Fedhas
Gozag
Hepliaklqana
Kikubaaqudgha
Makhleb
Nemelex Xobeh
Okawaru
Qazlal
Ru
Sif Muna
Trog
Uskayaw
Vehumet
Wu Jian
Xom
Yredelemnul
Zin
The Shining One
Jiyva

Shops:
D:4 :*

Annotations:
D:7 1 runed translucent door
D:8 3 runed translucent doors, HilariousDeathArtist's ghost, novice BaHu; ryw's ghost, novice DsMo; sirJeffrey23's ghost, novice FoFi
Lair:2 !GHOST, greenreed's ghost, journeyman GnCj


Innate Abilities, Weirdness & Mutations

You are very small and have problems with some larger weapons.
You are too small for most types of armour.
You have supernaturally acute eyesight. (SInv)
You cover ground extremely quickly. (Speed+++)


Message History

The two-headed ogre barely misses you.
The ogre mage hits you from afar with a +0 spear.
Unknown command.
You hit the two-headed ogre but do no damage.
The two-headed ogre is severely wounded.
You hit the two-headed ogre. You drain the two-headed ogre.
The two-headed ogre is almost dead.
The two-headed ogre closely misses you. x2; The ogre mage misses you.
You hit the two-headed ogre.
The two-headed ogre is almost dead.
You block the two-headed ogre's attack.
The two-headed ogre completely misses you.
The ogre mage gestures at the two-headed ogre while chanting.
You hit the two-headed ogre.
The two-headed ogre is almost dead.
The two-headed ogre completely misses you.
You block the two-headed ogre's attack.
The ogre mage hits you but does no damage.
You hit the two-headed ogre.
The two-headed ogre is almost dead.
You hit the two-headed ogre.
You kill the two-headed ogre!
The Council accepts your kill.
The two-headed ogre hits you with a +0 giant spiked club.
The two-headed ogre hits you with a +0 giant spiked club!
You block the ogre mage's attack.
You hit the two-headed ogre. You drain the two-headed ogre.
The two-headed ogre is severely wounded.
The ogre mage gestures at the ogre mage while chanting.
The ogre mage seems to speed up.
The ogre mage mumbles some strange words.
The ogre mage flickers and vanishes for a moment.
You hear a shout! x2
You hit the two-headed ogre. You drain the two-headed ogre.
The two-headed ogre is almost dead.
The ogre mage closely misses you.
The ogre mage gestures at the ogre while chanting.
The ogre seems to speed up.
The two-headed ogre hits you with a +0 giant spiked club!!
You die...

#.#....####..... #
###....#........ #.
#.............# #.
##.##......#.## #..
####......### #..####
#####...## #.OO#.##
#.#......###
#OOOOO.####......##.##
.OOO.O.#@...#....#......#
..OOOO###........#.......
...#.. #........#.......
.O #. ##.))..####...... .
#. #..))).##....... #
##..............
##............#
##.....))...##
#.....)...##


You could see 3 two-headed ogres, 3 ogre magi and an ogre (fast).

Vanquished Creatures
  Harold (Lair:1)
  3 hydras
  Erica (D:8)
  An ogre mage (Orc:2)
  7 two-headed ogres
  A centaur warrior (D:8)
  A boulder beetle (Lair:5)
  Urug (Orc:2)
  Pikel (D:8)
  2 orc knights (Orc:2)
  A manticore (D:7)
  An orc sorcerer (Orc:2)
  A cyclops (D:9)
  4 elephants (Lair:4)
  A black mamba (Lair:2)
  A torpor snail (Lair:2)
  15 cane toads
  A komodo dragon (Lair:2)
  2 trolls
  A polar bear (Lair:3)
  Grinder (D:6)
  3 tyrant leeches (Lair:5)
  15 blink frogs
  36 yaks
  4 basilisks
  8 vampire mosquitoes
  2 steam dragons
  4 nagas (Lair:2)
  A warg (Orc:1)
  9 water moccasins
  An acid dragon (D:9)
  Duvessa (D:6)
  A swamp drake (D:10)
  22 orc warriors
  2 ice beasts
  2 black bears
  9 ogres
  3 sky beasts
  3 centaurs (D:8)
  6 wolves (Lair:2)
  A lemure (D:8)
  15 bullfrogs
  2 necrophages
  4 scorpions
  4 gnoll sergeants
  20 wights
  Dowan (D:6)
  A ballistomycete (Lair:1)
  3 killer bees (D:9)
  An electric eel (Lair:5)
  4 howler monkeys
  3 hounds (D:5)
  7 orc priests
  2 jellies (Lair:5)
  An iguana (D:6)
  14 orc wizards
  Robin (D:2)
  30 gnolls
  12 adders
  2 shadow imps
  A white imp (D:6)
  An ufetubus (D:7)
  3 worms
  2 dart slugs
  67 orcs
  4 ball pythons
  5 bats
  11 endoplasms
  2 giant cockroaches
  23 goblins
  19 hobgoblins
  10 kobolds
  5 quokkas
  6 frilled lizards
  2 rats
  A ballistomycete spore (Lair:1)
  A bush (Lair:1)
471 creatures vanquished.

Vanquished Creatures (collateral kills)
  An orc warlord (Bailey)
1 creature vanquished.

Vanquished Creatures (others)
  A two-headed ogre (Orc:2)
  A tyrant leech (Lair:5)
  A vampire mosquito (Lair:5)
  An orc warrior (Bailey)
  A wight (D:6)
  14 ballistomycete spores (Lair:1)
  34 fungi
  72 plants
  4 withered plants (D:8)
129 creatures vanquished.

Grand Total: 601 creatures vanquished

Notes
Turn   | Place    | Note
-------+----------+-------------------------------------------
     0 | D:1      | koil the Spriggan Brigand began the quest for the Orb.
     0 | D:1      | Reached XP level 1. HP: 10/10 MP: 2/2
   183 | D:1      | Reached skill level 6 in Stealth
   218 | D:1      | Reached XP level 2. HP: 15/15 MP: 3/3
   566 | D:1      | Reached skill level 1 in Spellcasting
  1095 | D:2      | Found an opulent altar of Gozag.
  1207 | D:2      | Noticed Robin
  1234 | D:1      | Reached XP level 3. HP: 6/18 MP: 5/5
  1295 | D:2      | Killed Robin
  1539 | D:2      | Reached XP level 4. HP: 23/23 MP: 7/7
  2455 | D:3      | Noticed an ogre
  2457 | D:3      | Killed an ogre
  2458 | D:3      | Reached skill level 7 in Stealth
  2458 | D:3      | Reached XP level 5. HP: 27/27 MP: 8/10
  2829 | D:4      | Found Ynom's Fire Supplies.
  2836 | D:4      | Bought a scroll of immolation for 52 gold pieces
  2927 | D:4      | Found Oteiv's Tremendous Tomes.
  2996 | D:4      | Reached XP level 6. HP: 31/32 MP: 11/11
  3517 | D:5      | Entered Level 5 of the Dungeon
  3820 | D:5      | Reached XP level 7. HP: 36/36 MP: 13/13
  3974 | D:5      | Reached skill level 8 in Stealth
  4413 | D:6      | Noticed a steam dragon
  4432 | D:6      | Reached skill level 5 in Dodging
  4457 | D:6      | Found an ornate altar of the Wu Jian Council.
  4472 | D:6      | Found an opulent altar of Gozag.
  4472 | D:6      | Found a hide-covered altar of Uskayaw.
  4472 | D:6      | Found a bloodstained altar of Trog.
  4474 | D:6      | Found a snail-covered altar of Cheibriados.
  4475 | D:6      | Found a burning altar of Makhleb.
  4476 | D:6      | Found an iron altar of Okawaru.
  4476 | D:6      | Found a hazy altar of Hepliaklqana.
  4477 | D:6      | Found a basalt altar of Yredelemnul.
  4627 | D:6      | Noticed Duvessa
  4627 | D:6      | Noticed Dowan
  4665 | D:5      | Reached skill level 5 in Short Blades
  4760 | D:5      | Reached XP level 8. HP: 42/42 MP: 16/16
  4874 | D:6      | Killed Duvessa
  5077 | D:6      | Killed Dowan
  5078 | D:6      | Reached skill level 5 in Spellcasting
  5176 | D:6      | Learned a level 6 spell: Eringya's Noxious Bog
  5190 | D:6      | Reached skill level 9 in Stealth
  5291 | D:6      | Reached skill level 1 in Transmutations
  5291 | D:6      | Reached skill level 1 in Poison Magic
  5436 | D:6      | Found a staircase to the Ecumenical Temple.
  5476 | D:6      | Noticed Grinder
  5480 | D:6      | Killed Grinder
  5684 | D:6      | Became a worshipper of the Wu Jian Council
  5971 | Temple   | Entered the Ecumenical Temple
  6394 | D:6      | Reached XP level 9. HP: 41/44 MP: 18/18
  6499 | D:7      | Found a runed translucent door.
  6499 | D:7      | Noticed a sixfirhy
  6502 | D:7      | Noticed a manticore
  6637 | D:7      | Found a glowing golden altar of the Shining One.
  6704 | D:7      | Killed a manticore
  6705 | D:7      | Reached skill level 10 in Stealth
  6784 | D:7      | Noticed a two-headed ogre
  6864 | D:7      | Killed a two-headed ogre
  7273 | D:7      | Reached skill level 5 in Poison Magic
  7486 | D:8      | Noticed Erica
  7490 | D:8      | Killed Erica
  7490 | D:8      | Reached * piety under Wu Jian
  7491 | D:8      | Reached skill level 5 in Fighting
  7491 | D:8      | Reached XP level 10. HP: 51/51 MP: 21/21
  7536 | D:8      | Noticed a centaur warrior
  7575 | D:8      | Killed a centaur warrior
  7576 | D:8      | Reached skill level 5 in Transmutations
  7588 | D:8      | Reached skill level 11 in Stealth
  7740 | D:8      | Identified the +1 cloak "Erov" {rPois}
  7848 | D:8      | Reached skill level 1 in Earth Magic
  8163 | D:8      | Noticed Pikel
  8164 | D:8      | Killed Pikel
  8452 | D:8      | Found a runed translucent gate.
  8452 | D:8      | Found a runed translucent gate.
  8452 | D:8      | Found a runed translucent gate.
  8457 | D:8      | Noticed sirJeffrey23's ghost (novice FoFi)
  8457 | D:8      | Noticed ryw's ghost (novice DsMo)
  8458 | D:8      | Noticed HilariousDeathArtist's ghost (novice BaHu)
  8715 | D:9      | Identified the +5 hand axe of Absolution {pain, rC+}
  8727 | D:9      | Reached ** piety under Wu Jian
  8813 | D:9      | Found a flagged portal.
  8845 | Bailey   | Entered a bailey
  9388 | Bailey   | Reached XP level 11. HP: 26/56 MP: 24/24
  9681 | Bailey   | Reached *** piety under Wu Jian
  9750 | Bailey   | Noticed an orc warlord
 10010 | Bailey   | Killed an orc warlord
 10011 | Bailey   | Reached skill level 12 in Stealth
 10216 | Bailey   | Got Sif Muna's Octavo of Evil Fog
 10599 | D:9      | Found a shimmering altar of Xom.
 10654 | D:9      | Noticed a fire crab
 11003 | D:9      | Found a staircase to the Lair.
 11004 | D:9      | a fire crab changed into a cyclops
 12539 | D:10     | Entered Level 10 of the Dungeon
 12845 | D:10     | Reached skill level 5 in Earth Magic
 13116 | D:10     | Reached **** piety under Wu Jian
 13340 | D:10     | Found a stormy altar of Qazlal.
 13589 | D:10     | HP: 1/52 [yak (9)]
 14062 | D:10     | Reached skill level 10 in Dodging
 14062 | D:10     | Reached skill level 13 in Stealth
 14267 | D:10     | Noticed a two-headed ogre
 14404 | D:10     | Killed a two-headed ogre
 14671 | D:10     | Noticed a two-headed ogre
 14724 | D:10     | Killed a two-headed ogre
 14794 | D:10     | Found a staircase to the Orcish Mines.
 15323 | Lair:1   | Entered Level 1 of the Lair of Beasts
 15325 | Lair:1   | Noticed an oklob plant
 15669 | Lair:1   | Upgraded the game from 0.30-a0-305-g026cb31310 to
                  | 0.30-a0-310-g7d6cbdfea6
 15800 | Lair:1   | Noticed Harold
 15819 | Lair:1   | Reached XP level 12. HP: 62/62 MP: 26/26
 15835 | Lair:1   | Killed Harold
 17422 | Lair:2   | Found a staircase to the Snake Pit.
 17489 | Lair:2   | Noticed a six-headed hydra
 17522 | Lair:2   | Reached skill level 10 in Spellcasting
 17561 | Lair:2   | Killed a six-headed hydra
 17561 | Lair:2   | Reached ***** piety under Wu Jian
 17656 | Lair:2   | Learned a level 4 spell: Anguish
 17674 | Lair:2   | Reached skill level 14 in Stealth
 17698 | Lair:2   | Found a runed translucent door.
 17699 | Lair:2   | Noticed greenreed's ghost (journeyman GnCj)
 17817 | Lair:2   | Reached skill level 1 in Hexes
 18942 | Lair:3   | Identified the +6 mace of Woiniss {protect, rF+ Will+
                  | Str+3}
 19488 | Lair:3   | Found a staircase to the Swamp.
 19619 | Lair:3   | Found a gate leading to a gauntlet.
 19628 | Gauntlet | Entered a Gauntlet
 19628 | Gauntlet | Found a transporter.
 19637 | Gauntlet | Found a transporter.
 19654 | Gauntlet | Found a transporter.
 19731 | Gauntlet | Found a transporter.
 19739 | Gauntlet | Found a transporter.
 19757 | Gauntlet | Found a transporter.
 19770 | Gauntlet | Found a transporter.
 19782 | Gauntlet | Found a transporter.
 19787 | Gauntlet | Found a transporter.
 19787 | Gauntlet | Found a transporter.
 19803 | Gauntlet | Found the Hermit's Pendant {Faith Invo=14 Evo=0 MP+5}
 19813 | Gauntlet | Noticed a catoblepas
 19815 | Gauntlet | Found a transporter.
 19817 | Gauntlet | Found a transporter.
 19867 | Gauntlet | Found a transporter.
 19881 | Gauntlet | Found a transporter.
 21494 | Lair:5   | Entered Level 5 of the Lair of Beasts
 21671 | Lair:5   | Noticed a boulder beetle
 21690 | Lair:5   | Killed a boulder beetle
 21691 | Lair:5   | Reached XP level 13. HP: 67/67 MP: 28/28
 21854 | Lair:5   | HP: 2/67 [poisoned by a cane toad]
 22127 | Lair:5   | Reached skill level 10 in Short Blades
 23366 | Lair:5   | Found a staircase to the Slime Pits.
 23366 | Lair:5   | Found a viscous altar of Jiyva.
 23529 | Lair:5   | Reached skill level 15 in Stealth
 24513 | Lair:5   | Identified the amulet of Ahumoip {Faith rF- Will+ Regen+}
 24522 | Lair:5   | Identified the +2 leather armour "Zigimeod" {rPois rF++
                  | Dex+5}
 25238 | Orc:1    | Entered Level 1 of the Orcish Mines
 25658 | Orc:2    | Entered Level 2 of the Orcish Mines
 25689 | Orc:2    | Found a staircase to the Elven Halls.
 25884 | Orc:2    | Noticed Urug
 25904 | Orc:2    | Killed Urug
 26164 | Orc:2    | Reached skill level 5 in Hexes
 26222 | Orc:2    | Slain by a two-headed ogre

Illustrated notes

Levels and vault maps discovered:
D:1:      kennysheep_arrival_seaside, layout_loops_corners,
          minmay_misc_feat_secret_circle
D:2:      layout_loops_ring, basic_altar, corexii_corridor_pit, uniq_robin
D:3:      layout_basic, patterned_corridor
D:4:      minmay_bubble_buster, layout_gridville, nrook_mini_vaults, hex_tiny,
          minmay_liquid_box, nicolae_concentric_dashed_squares_mild,
          nicolae_shop_fire_sale [nicolae_sub_dead_trees],
          nicolae_shop_i_like_big_books
D:5:      layout_loops_ring
D:6:      layout_basic, nicolae_wu_jian_glorious_leap,
          grunt_temple_overflow_open, minmay_temple_entry_statues_pillars,
          st_stairs_6, uniq_duvessa, uniq_grinder
D:7:      cheibrodos_shockbox, layout_rooms, nicolae_tso_carved_into_rock
D:8:      layout_layer_cave, gammafunk_ghost_cemetery, minmay_manual_monstrance,
          uniq_erica, uniq_pikel
D:9:      layout_layer_cave, old_standard_altar, minmay_lair_entry_lava,
          enter_bailey_2
D:10:     layout_irregular_city, nicolae_qazlal_scattered_showers, erik_orc_1,
          minmay_misc_feat_tower
Temple:   nicolae_temple_ecumenical_triangle
Lair:1:   layout_chaotic_city, st_stairs_6, minmay_lair_oklob_bushes,
          lemuel_fruit_fields, serial_bayou_shore_b, uniq_harold
Lair:2:   layout_concentric_octagons, minmay_snake_entry_guardpost_medium,
          ebering_ghost_reflecting_pool
Lair:3:   layout_regular_city, minmay_swamp_entry_swarm, gauntlet_entry_generic,
          lemuel_fruit_fields, lemuel_fruit_tree
Lair:4:   layout_regular_city, chequers_serial_rivers_large_a
Lair:5:   minmay_lair_end_frog_pond, layout_concentric_octagons,
          nicolae_slime_entry_slimehenge
Orc:1:    layout_caves, basic_altar, uniq_erolcha
Orc:2:    st_orc_ogre_mass, layout_diamond_mine, uniq_urug

Skill      XL: |  1  2  3  4  5  6  7  8  9 10 11 12 13 |
---------------+----------------------------------------+-----
Stealth        | 6 7 8 9 10 11 13 14 15 | 15.6
Spellcasting   | 1 2 3 4 5 6 8 9 10 11 | 11.5
Dodging        | 2 3 4 5 6 7 8 10 11 12 | 12.5
Fighting       | 2 3 4 5 6 7 8 |  8.2
Short Blades   | 3 4 5 6 7 8 9 10 | 10.0
Transmutations | 2 4 5 6 7 8 |  8.4
Poison Magic   | 3 5 6 |  6.0
Earth Magic    | 3 5 8 9 |  9.5
Hexes          | 2 5 |  5.0
Throwing       | |  2.0

Action                   |  1- 3 |  4- 6 |  7- 9 | 10-12 | 13-15 || total
-------------------------+-------+-------+-------+-------+-------++-------
Melee: Dagger            |   101 |   235 |   341 |  2805 |   834 ||  4316
       Punch             |     1 |     1 |     6 |    54 |    14 ||    76
Throw: Dart              |       |    16 |    64 |   110 |    34 ||   224
       Throwing net      |       |       |       |     5 |    12 ||    17
 Cast: Anguish           |       |       |       |       |     2 ||     2
Invok: Lunge             |       |       |     2 |   135 |    59 ||   196
       Whirlwind         |       |       |       |   545 |    63 ||   608
       Serpent's Lash    |       |       |       |     3 |     2 ||     5
Evoke: Wand              |       |       |    14 |    23 |     4 ||    41
  Use: Scroll            |       |       |    19 |    11 |     3 ||    33
       Potion            |       |       |       |     4 |     7 ||    11
 Stab: Sleeping          |    10 |    19 |    16 |    22 |     2 ||    69
       Distracted        |       |     1 |     2 |     5 |     5 ||    13
       Held in net/web   |       |       |       |     5 |    10 ||    15
Armor: Robe              |     9 |    17 |     5 |   129 |    34 ||   194
       Steam dragon scal |       |       |    17 |    79 |       ||    96
Dodge: Dodged            |    94 |   108 |   188 |  1679 |   581 ||  2650
Block: Other             |       |    32 |    61 |   382 |   132 ||   607
       Reflection        |       |       |       |     6 |       ||     6

Table legend: (Time is in decaauts)
 A = Elapsed time spent in this place.
 B = Non-inter-level travel time spent in this place.
 C = Inter-level travel time spent in this place.
 D = Time resting spent in this place.
 E = Time spent auto-exploring this place.
 F = Levels seen in this place.
 G = Mean time per level.
                   A        B        C        D        E       F      G
               +--------+--------+--------+--------+--------+-----+--------+
         Total |  18596 |  17511 |   1085 |   3264 |   7960 |  20 |  929.8 |
       Dungeon |   9875 |   9053 |    822 |   1142 |   4716 |  10 |  987.5 |
        Temple |    179 |    169 |     10 |     13 |     21 |   1 |  179.0 |
          Lair |   6484 |   6242 |    242 |   1991 |   2294 |   5 | 1296.8 |
  Orcish Mines |    619 |    608 |     11 |      0 |    411 |   2 |  309.5 |
        Bailey |    991 |    991 |      0 |     18 |    313 |   1 |  991.0 |
      Gauntlet |    447 |    447 |      0 |    100 |    204 |   1 |  447.0 |
               +--------+--------+--------+--------+--------+-----+--------+

Top non-repeatable levels by time:
    D:10: 1862 daAuts
  Lair:1: 1834 daAuts
  Lair:5: 1791 daAuts
     D:9: 1713 daAuts
     D:6: 1315 daAuts
  Lair:2: 1138 daAuts
  Lair:4: 1079 daAuts
  Bailey: 991 daAuts
     D:8: 954 daAuts
     D:5: 809 daAuts
     D:7: 802 daAuts
     D:1: 784 daAuts
  Lair:3: 639 daAuts
     D:4: 629 daAuts
     D:2: 617 daAuts
